 Dungeon Crawl Stone Soup version 0.21-a0-241-g2cbab09 (webtiles) character file.

7591 Rhoefr the Martial Artist (level 10, -7/77 HPs)
             Began as a Yellow Draconian Transmuter on Aug 22, 2016.
             Was a Believer of Hepliaklqana.
             Mangled by a yaktaur (17 damage)
             ... in a volcano on Sept 3, 2017.
             The game lasted 01:08:46 (11479 turns).

Rhoefr the Martial Artist (DrTm)                   Turns: 11479, Time: 01:08:47

Health: -7/77      AC:  9    Str: 17    XL:     10   Next: 97%
Magic:  9/13       EV: 16    Int: 16    God:    Hepliaklqana [**....]
Gold:   624        SH:  0    Dex: 13    Spells: 2/13 levels left

rFire    . . .     SeeInvis .     - Unarmed
rCold    . . .     Gourm    .   (no shield)
rNeg     . . .     Faith    .   (armour unavailable)
rPois    .         Spirit   .   (helmet restricted)
rElec    .         Reflect  .   (no cloak)
rCorr    +         Harm     .   K - +0 pair of gloves
MR       .....                  M - +0 pair of boots
Stlth    +.........             x - amulet of regeneration
HPRegen  0.62/turn              C - ring of wizardry
MPRegen  0.13/turn              (no ring)

@: mighty, about to teleport, hasted, very quick
A: spit acid, acid resistance, unfitting armour, reduced essence, cold-blooded,
AC +7
a: Breathe Acid, Recall Ancestor, Ancestor Identity, Renounce Religion


You were in a volcano.
You worshipped Hepliaklqana.
Hepliaklqana was pleased with you.
You were not hungry.

You visited 3 branches of the dungeon, and saw 11 of its levels.
You also visited: Volcano.

You collected 624 gold pieces.

Inventory:

Missiles
 k - 6 javelins
 s - 13 tomahawks (quivered)
 u - 51 arrows
 y - 2 throwing nets
Armour
 K - a +0 pair of gloves (worn)
 M - a +0 pair of boots (worn)
Magical Staves
 l - an uncursed staff of cold
 p - an uncursed staff of poison
Jewellery
 x - an amulet of regeneration (around neck)
 C - a ring of wizardry (left hand)
 D - an uncursed ring of ice
Wands
 d - a wand of polymorph (12/24)
 v - a wand of digging (4/24)
 w - a wand of confusion (13/48)
 z - a wand of iceblast (14/15)
 E - a wand of polymorph (14/24)
 H - a wand of polymorph (12/24)
 J - a wand of random effects (17/48)
Scrolls
 a - a scroll of noise {unknown}
 e - 2 scrolls of recharging {unknown}
 f - 2 scrolls of magic mapping {!r}
 g - 2 scrolls of teleportation
 h - 2 scrolls of enchant weapon
 i - 5 scrolls of amnesia
 m - 9 scrolls of remove curse {@r2}
 o - 2 scrolls of fear
 t - a scroll of immolation {!r}
Potions
 j - 2 potions of brilliance
 n - a potion of curing {unknown}
 r - a potion of might
 B - a potion of haste
 F - a potion of flight
 I - a potion of magic {unknown}
 L - a potion of invisibility {unknown}
Books
 b - a book of Changes

   Spells                             Type                      Level
   a - Beastly Appendage              Transmutation                1
   b - Sticks to Snakes               Transmutation                2
   c - Spider Form                    Transmutation/Poison         3
   d - Ice Form                       Ice/Transmutation            4
   e - Blade Hands                    Transmutation                5
Comestibles
 c - 10 bread rations
 q - 22 fruits
 A - 3 meat rations


   Skills:
 + Level 7.4 Fighting
 + Level 7.6 Dodging
 + Level 9.7 Unarmed Combat
 - Level 2.0 Spellcasting
 * Level 9.6 Transmutations
 - Level 2.2 Poison Magic


You had 2 spell levels left.
You knew the following spells:

 Your Spells              Type           Power        Failure   Level  Hunger
a - Beastly Appendage     Tmut           ####..       1%          1    #......
d - Spider Form           Tmut/Pois      ###.......   2%          3    ###....
s - Sticks to Snakes      Tmut           ####....     1%          2    ###....
z - Blade Hands           Tmut           ####......   4%          5    ######.


Dungeon Overview and Level Annotations

Branches:
Dungeon (9/15)             Temple (1/1) D:5            Lair (1/6) D:8
    Orc: D:9-12

Altars:
Ashenzari
Cheibriados
Dithmenos
Elyvilon
Fedhas
Gozag
Hepliaklqana
Kikubaaqudgha
Makhleb
Nemelex Xobeh
Okawaru
Qazlal
Ru
Sif Muna
Trog
Uskayaw
Vehumet
Xom
Yredelemnul
Zin
The Shining One

Annotations:
D:4 2 transporters, exclusion: downstairs
D:5 Grinder
D:6 exclusions: downstairs and upstairs
D:7 exclusion: 2 ancestors
D:9 exclusions: door and 1 more exclusion


Innate Abilities, Weirdness & Mutations

You can spit globs of acid.
You are resistant to acid.
Your golden yellow scales are hard. (AC +7)
You cannot fit into any form of body armour.
You are cold-blooded and may be slowed by cold attacks.
Your life essence is reduced to manifest your ancestor. (-10% HP)


Message History

You have got your breath back.
The centaur warrior hits you but does no damage.
The centaur misses you.
You punch the yaktaur! You tail-slap the yaktaur!
The yaktaur is heavily wounded.
The centaur warrior hits you.
* * * LOW HITPOINT WARNING * * *
The yaktaur unwields an uncursed arbalest of flaming.
It stops flaming.
The yaktaur hits you.
* * * LOW HITPOINT WARNING * * *
You hit the yaktaur.
The yaktaur is heavily wounded.
The centaur hits you.
* * * LOW HITPOINT WARNING * * *
The centaur warrior hits you.
* * * LOW HITPOINT WARNING * * *
You punch the yaktaur!
The yaktaur is almost dead.
The centaur barely misses you. The yaktaur hits you!
You die...

#.....§§≈≈....#
#...##.......##
#8.8##.......#
##.#####...###
#(# #...# ##'##
##### ##.)(##
#....(# #..@..#
#.ccc.# ###(###
#...# .......
###8_8### #...#
#####


You could see a centaur warrior, a yaktaur and a centaur.

Vanquished Creatures
  The ghost of dricus the Basher, a novice VSFi of Okawaru (D:7)
  A yaktaur (Volcano)
  2 hippogriffs
  Eustachio (D:5)
  2 yaks
  A fire bat (Volcano)
  A steam dragon (D:8)
  Menkaure (D:6)
  2 orc warriors
  A porcupine (Lair:1)
  A sky beast (D:5)
  An ogre (D:7)
  3 phantoms
  2 crocodiles
  Blork the orc (D:5)
  3 bullfrogs
  A gnoll sergeant (D:8)
  2 water moccasin skeletons
  2 scorpions (D:4)
  3 wights
  2 jellies
  3 crimson imps
  3 lava snakes (Volcano)
  4 hounds
  A quasit (D:5)
  6 orc priests
  A wyvern simulacrum (D:9)
  3 orc wizards
  3 worker ants
  6 iguanas
  10 gnolls
  9 adders
  4 shadow imps
  2 white imps (D:9)
  An ooze (D:3)
  An adder skeleton (D:3)
  A worm (D:3)
  3 dart slugs
  4 leopard geckos
  19 orcs
  7 bats
  3 giant cockroaches
  11 goblins
  2 hobgoblins (D:1)
  11 jackals
  3 quokkas
  A ball python (D:6)
  10 frilled lizards
  10 kobolds
  12 rats
188 creatures vanquished.

Vanquished Creatures (collateral kills)
  2 hippogriffs (D:7)
  5 yaks (Lair:1)
  4 fire bats (Volcano)
  A hungry ghost (D:7)
  A porcupine (Lair:1)
  An ice beast (D:7)
  2 ogres
  2 crocodiles
  3 bullfrogs
  A killer bee (D:9)
  An electric eel (D:9)
  3 crimson imps
  4 lava snakes (Volcano)
  A bullfrog skeleton (D:6)
  An orc wizard (D:5)
  2 iguanas
  A gnoll (D:8)
  5 adders
  An ooze (D:7)
  2 leopard geckos (D:6)
  7 orcs
  A jackal (D:7)
  A quokka zombie (D:9)
52 creatures vanquished.

Vanquished Creatures (others)
  2 battlemagi
  4 ancestors
6 creatures vanquished.

Grand Total: 246 creatures vanquished

Notes
Turn   | Place    | Note
-------+----------+-------------------------------------------
     0 | D:1      | Rhoefr the Draconian Transmuter began the quest for the Orb.
     0 | D:1      | Reached XP level 1. HP: 16/16 MP: 3/3
   184 | D:1      | Reached XP level 2. HP: 23/23 MP: 5/5
   188 | D:1      | Learned a level 2 spell: Sticks to Snakes
   753 | D:1      | Reached XP level 3. HP: 26/28 MP: 6/6
   968 | D:2      | HP: 1/28 [poisoned by an adder]
  1473 | D:2      | Reached XP level 4. HP: 35/35 MP: 7/7
  1492 | D:2      | Reached skill level 5 in Unarmed Combat
  1727 | D:2      | Found an iron altar of Okawaru.
  2156 | D:2      | Upgraded the game from 0.19-a0-1210-g5c1aa26 to 0.19-a0-1225-gf887c1c
  2178 | D:2      | Upgraded the game from 0.19-a0-1225-gf887c1c to 0.21-a0-241-g2cbab09
  2192 | D:2      | Reached XP level 5. HP: 12/40 MP: 2/8
  2417 | D:2      | Learned a level 3 spell: Spider Form
  2553 | D:3      | Reached skill level 1 in Poison Magic
  3432 | D:3      | Found a blossoming altar of Fedhas.
  3895 | D:4      | Reached XP level 6. HP: 47/47 MP: 5/9
  3960 | D:4      | Found a transporter.
  3974 | D:4      | Noticed a kobold demonologist
  4773 | D:4      | Reached skill level 5 in Transmutations
  5020 | D:4      | Found a transporter.
  5087 | D:5      | Entered Level 5 of the Dungeon
  5100 | D:5      | Your scales start taking on a golden yellow colour.
  5100 | D:5      | Reached XP level 7. HP: 50/52 MP: 8/10
  5101 | D:5      | Noticed Grinder
  5224 | D:5      | Noticed Eustachio
  5271 | D:5      | Killed Eustachio
  5301 | D:5      | Noticed Blork the orc
  5322 | D:5      | Killed Blork the orc
  5509 | D:5      | Found a shadowy altar of Dithmenos.
  5761 | D:5      | Found a deep blue altar of Sif Muna.
  5839 | D:5      | Reached XP level 8. HP: 58/59 MP: 9/11
  5843 | D:5      | Found a staircase to the Ecumenical Temple.
  5852 | Temple   | Entered the Ecumenical Temple
  5946 | Temple   | Became a worshipper of Hepliaklqana the Forgotten
  6066 | D:5      | Paralysed by Grinder for 5 turns
  6083 | D:5      | Paralysed by Grinder for 7 turns
  6276 | D:5      | Learned a level 5 spell: Blade Hands
  6834 | D:6      | Found a shattered altar of Ashenzari.
  6844 | D:6      | Noticed Menkaure
  6854 | D:6      | Killed Menkaure
  7561 | D:6      | Reached skill level 5 in Dodging
  7606 | D:6      | Reached * piety under Hepliaklqana
  7966 | D:7      | Noticed a hippogriff
  8029 | D:7      | Killed a hippogriff
  8029 | D:7      | Reached XP level 9. HP: 46/63 MP: 8/12
  8134 | D:7      | Noticed dricus's ghost (novice VSFi)
  8288 | D:7      | HP: 3/63 [orc warrior/dire flail (24)]
  9119 | D:7      | Killed dricus's ghost
  9119 | D:7      | Reached skill level 5 in Fighting
  9753 | D:8      | Reached XP level 10. HP: 29/74 MP: 10/13
  9888 | D:8      | Found a staircase to the Lair.
 10061 | D:8      | Noticed a two-headed ogre
 10270 | D:8      | Reached ** piety under Hepliaklqana
 10271 | D:8      | Remembered your ancestor Rujewit as a battlemage
 10493 | D:9      | Found a radiant altar of Vehumet.
 10727 | Lair:1   | Entered Level 1 of the Lair of Beasts
 11169 | Lair:1   | Found a dark tunnel.
 11176 | Volcano  | Entered a volcano
 11460 | Volcano  | Found a radiant altar of Vehumet.
 11460 | Volcano  | Noticed a centaur warrior
 11479 | Volcano  | Mangled by a yaktaur

Vault maps used:
D:1:      dpeg_arrival_pits, minmay_rat_gold_closets
D:2:      lemuel_crystal_altar, first_bread
D:3:      fedhas_altar_fruit_tree
D:4:      gammafunk_wand_slinger, minmay_ruptured
D:5:      kennysheep_mini, grunt_dithmenos_shadows,
          minmay_temple_entry_water_ring, uniq_blork_the_orc, uniq_grinder,
          uniq_eustachio
D:6:      serial_bayou_pond_c, ashenzari_altar_1, uniq_menkaure
D:7:      grunt_ogre_cave
D:8:      david_lair_generic
D:9:      marbit_many_paths, serial_ice, serial_ice_c, serial_ice_d,
          serial_ice_h, serial_ice_i, water_boxes_lemuel
Temple:   lightli_temple_of_artemis
Lair:1:   nicolae_volcano_entry_s_turn, lemuel_fruit_tree
Volcano:  volcano_grotto

Skill      XL: |  1  2  3  4  5  6  7  8  9 10 |
---------------+-------------------------------+-----
Unarmed Combat | 4 5 6 7 8 9 |  9.7
Transmutations | 3 4 5 6 7 8 9 |  9.6
Poison Magic   | 2 |  2.2
Dodging        | 3 4 5 6 7 |  7.6
Fighting       | 3 5 7 |  7.4
Spellcasting   | |  2.0

Action                   |  1- 3 |  4- 6 |  7- 9 | 10-12 || total
-------------------------+-------+-------+-------+-------++-------
Melee: Unarmed           |   135 |   168 |   366 |   102 ||   771
       Tailslap          |     7 |    15 |    46 |    14 ||    82
       Punch             |     3 |     2 |     6 |     6 ||    17
       Kick              |     1 |     8 |    29 |       ||    38
       Headbutt          |       |     2 |    18 |       ||    20
       Staff             |       |     4 |       |       ||     4
Throw: Tomahawk          |       |       |     1 |       ||     1
 Cast: Sticks to Snakes  |     3 |     9 |     4 |       ||    16
       Beastly Appendage |     2 |    14 |    32 |     5 ||    53
       Spider Form       |       |    17 |     2 |       ||    19
       Blade Hands       |       |       |     2 |    12 ||    14
Invok: Recall Ancestor   |       |       |     9 |     2 ||    11
       Ancestor Identity |       |       |     1 |       ||     1
       Ancestor Life: Ba |       |       |       |     1 ||     1
 Abil: Breathe Acid      |       |       |    18 |    12 ||    30
Evoke: Wand              |       |       |     1 |       ||     1
  Use: Potion            |     5 |     1 |     1 |     4 ||    11
       Scroll            |       |       |     9 |     3 ||    12
 Stab: Sleeping          |     2 |     1 |     2 |       ||     5
       Distracted        |       |     1 |     4 |       ||     5
  Eat: Chunk             |     2 |    13 |    12 |     8 ||    35
       Royal jelly       |       |     1 |     2 |     2 ||     5
       Fruit             |       |       |     1 |     3 ||     4
       Meat ration       |       |       |     1 |       ||     1
Armor: Skin              |    38 |    40 |    86 |    17 ||   181
Dodge: Dodged            |    79 |   122 |   203 |   107 ||   511

Table legend:
 A = Spawn XP
 B = Non-spawn XP
 C = Spawn XP percentage of total XP
 D = Spawn monster count
 E = Non-spawn monster count
 F = Spawn count percentage of total count
 G = Total turns spent on level
                    A         B        C        D         E        F      G
               +---------+---------+-------+---------+---------+-------+---------
         Total |     632 |    9870 |   6.0 |      22 |     148 |  12.9 |  9301
               +---------+---------+-------+---------+---------+-------+---------
           D:2 |       3 |       0 | 100.0 |       2 |       0 | 100.0 |   578
           D:3 |      17 |      58 |  22.7 |       8 |       4 |  66.7 |  1585
           D:4 |      66 |     249 |  21.0 |       1 |      20 |   4.8 |  1047
           D:5 |      45 |    1028 |   4.2 |       1 |      18 |   5.3 |  1522
           D:6 |      32 |     604 |   5.0 |       1 |      18 |   5.3 |  1069
           D:7 |     433 |    2237 |  16.2 |       8 |      25 |  24.2 |  1645
           D:8 |      36 |    1634 |   2.2 |       1 |      27 |   3.6 |   648
           D:9 |       0 |     543 |   0.0 |       0 |      12 |   0.0 |   349
        Lair:1 |       0 |    1804 |   0.0 |       0 |      11 |   0.0 |   449
       Volcano |       0 |    1713 |   0.0 |       0 |      13 |   0.0 |   303
               +---------+---------+-------+---------+---------+-------+---------
